 Dungeon Crawl Stone Soup version 0.31-a0-142-g31f6795574 (webtiles) character file.

Game seed: 11775819762311511621

28 Esekla the Sneak (level 3, -5/26 HPs)
             Began as an Octopode Delver on June 4, 2023.
             Slain by an iguana (6 damage)
             ... on level 5 of the Dungeon.
             The game lasted 00:01:33 (105 turns).

Esekla the Sneak (Octopode Delver)                   Turns: 105, Time: 00:01:33

Health: -5/26      AC:  1    Str: 11    XL:     3   Next: 12%
Magic:  3/3        EV: 13    Int: 14    God:
Gold:   10         SH:  0    Dex: 13    Spells: 2/2 levels left

rFire   . . .        a - +0 falchion
rCold   . . .        (no shield)
rNeg    . . .        (helmet restricted)
rPois   .            (no amulet)
rElec   .            (no ring)
rCorr   .            (no ring)
SInv    .            (no ring)
Will    .....        (no ring)
Stlth   +++++        (no ring)
HPRegen 0.24/turn    (no ring)
MPRegen 0.08/turn    (no ring)
                     (no ring)

%: no passive effects
@: no status effects
A: almost no armour, amphibious, 8 rings, camouflage 1, gelatinous body 1,
(nimble swimmer 1), tentacles
a: no special abilities


You were on level 5 of the Dungeon.
You visited 1 branch of the dungeon, and saw 1 of its levels.

You collected 10 gold pieces.

Inventory:

Hand Weapons
 a - a +0 falchion (weapon)
Wands
 f - a wand of digging (3)
Scrolls
 b - a scroll of fog
 c - a scroll of magic mapping
 d - a scroll of fear
 g - a scroll of blinking {unknown}
Potions
 e - a potion of haste


   Skills:
 * Level 3.2 Fighting
 * Level 2.1 Long Blades
 * Level 2.0 Dodging
 + Level 7.5 Stealth


You had 2 spell levels left.
You didn't know any spells.
Your spell library was empty.

Dungeon Overview and Level Annotations

Branches:
Dungeon (5/15)
 Temple: D:4-7

Altars:
Gozag
Okawaru


Innate Abilities, Weirdness & Mutations

You cannot wear most types of armour.
You are amphibious.
You can wear up to eight rings at the same time.
Your skin changes colour to match your surroundings (Stealth+).
Your rubbery body absorbs attacks. (AC +1, EV +1)
((You are camouflaged when in or above water. (Stealth+)))
You have tentacles for arms and can constrict up to eight enemies at once.


Message History

Found a stone staircase leading up.
Found a whip.
Found a scroll labelled YRIFAKLIRIS.
g - a scroll labelled YRIFAKLIRIS A hound comes into view.
The hound barks!
You slash the hound! Your grab misses the hound.
The hound is heavily wounded.
The hound barely misses you. The hound bites you.
You barely miss the hound. You grab the hound.
The hound is heavily wounded.
You constrict the hound. The hound barely misses you. The hound bites you.
You hit the hound.
You kill the hound!
Your Stealth skill increases to level 7!
You have reached level 2!
You have reached level 3!
Your experience leads to an increase in your attributes!
Increase (S)trength, (I)ntelligence, or (D)exterity?
You feel clever. x2
Your library has no spells.
An iguana comes into view.
An adder comes into view.
The iguana hisses angrily.
You hit the iguana. You grab the iguana. You squeeze the iguana.
The iguana is moderately wounded.
You constrict the iguana, but do no damage.
The iguana bites you!
You hit the iguana but do no damage. You squeeze the iguana.
The iguana is heavily wounded.
You constrict the iguana, but do no damage.
The iguana completely misses you. The iguana misses you.
You hit the iguana but do no damage.
The iguana is heavily wounded.
You constrict the iguana. The iguana bites you!
* * * LOW HITPOINT WARNING * * *
You hit the iguana.
Your tentacle-slap misses the iguana.
The iguana is almost dead.
You constrict the iguana. The iguana bites you.
You die...

##.......#### ..#
##.......<.##.#
#..# .+.........+
S.# #..
##.........#
#.#.# ##.......##
#.# ##.....## #.#
##...########.#
##........##l#
#.######.##@# #.#
#.##.#
##.######.##.#
###...#........#
##.......###.####
#........# #.#
##.##.######.#
... #........#
### ##########


You could see an iguana.

Vanquished Creatures
  A hound (D:5)
1 creature vanquished.

Notes
Turn   | Place    | Note
-------+----------+-------------------------------------------
     0 | D:5      | Esekla the Octopode Delver began the quest for the Orb.
     0 | D:5      | Reached XP level 1. HP: 16/16 MP: 1/1
    15 | D:5      | Noticed a scorpion
    32 | D:5      | Found an opulent altar of Gozag.
    38 | D:5      | Found an iron altar of Okawaru.
    84 | D:5      | Noticed a hound
    88 | D:5      | Killed a hound
    89 | D:5      | Reached skill level 7 in Stealth
    89 | D:5      | Reached XP level 2. HP: 16/21 MP: 2/2
    89 | D:5      | Reached XP level 3. HP: 20/26 MP: 3/3
   104 | D:5      | HP: 1/26 [iguana (12)]
   105 | D:5      | Slain by an iguana

Illustrated notes

Levels and vault maps discovered:
D:5:      layout_loops_corners, mainiacjoe_overflow_big_doors,
          makhleb_altar_promises_db, grunt_decor_fettered

Skill      XL: |  1 |
---------------+----+-----
Stealth        | 7 |  7.5
Fighting       | |  3.2
Long Blades    | |  2.1
Dodging        | |  2.0

Action                     || total
---------------------------++-------
  Melee: Falchion          ||     7
         Constrict         ||     2
         Tentacles         ||     2
  Dodge: Dodged            ||     4

Table legend: (Time is in decaauts)
 A = Elapsed time spent in this place.
 B = Non-inter-level travel time spent in this place.
 C = Inter-level travel time spent in this place.
 D = Time resting spent in this place.
 E = Time spent auto-exploring this place.
 F = Levels seen in this place.
 G = Mean time per level.
                   A        B        C        D        E       F      G
               +--------+--------+--------+--------+--------+-----+--------+
         Total |    106 |    106 |      0 |      0 |      0 |   1 |  106.0 |
       Dungeon |    106 |    106 |      0 |      0 |      0 |   1 |  106.0 |
               +--------+--------+--------+--------+--------+-----+--------+

Top non-repeatable levels by time:
     D:5: 106 daAuts
